[Event "NJSK 2026 Jeugd C"]
[Site "Helmond, Netherlands"]
[Date "2026.04.29"]
[Round "7.4"]
[White "Zhou, Yanyang"]
[Black "Sosef, Noah"]
[Result "1-0"]
[TimeControl "90min/40moves + 30sec/move"]
[WhiteTitle "-"]
[BlackTitle "-"]
[WhiteFideId "40109739"]
[BlackFideId "40107060"]
[WhiteElo "1860"]
[BlackElo "2012"]

1. e4 c6 2. d4 d5 3. e5 c5 4.
dxc5 e6 5. Nf3 Bxc5 6. Bd3 Nc6 7. O-O f6 8. Qe2 fxe5 9. Nxe5 Nf6 10. Ng4 O-O 11. Nxf6+ Qxf6 12. c3 e5 13. Be3 Bd6 14.
f3 Be6 15. Nd2 Rae8 16. c4 dxc4 17. Bxc4 Qf7 18. Bxe6 Qxe6 19. Ne4 Nd4 20. Qf2 Bc7 21. Kh1 Bb6 22. b3 Rc8 23. Rac1 Rfd8 24.
Ng3 Qd5 25. h3 Rf8 26. Ne4 Rc6 27. Rxc6 bxc6 28. Nc3 Qf7 29. Ne2 c5 30. Nc3 Qg6 31. Na4 Qc6 32. Nxb6 axb6 33. b4 Qd5 34.
bxc5 bxc5 35. a4 Ra8 36. Ra1 Qb3 37. Bxd4 exd4 38. Qh4 d3 39. Qe4 d2 40. Qxa8+ Kf7 41. Qd8 1-0

[Event "NJSK 2026 Jeugd C"]
[Site "Helmond, Netherlands"]
[Date "2026.04.29"]
[Round "7.5"]
[White "Gupta, Akul"]
[Black "Blok, Lukas"]
[Result "1-0"]
[TimeControl "90min/40moves + 30sec/move"]
[WhiteTitle "-"]
[BlackTitle "-"]
[WhiteFideId "1084194"]
[BlackFideId "40110494"]
[WhiteElo "2017"]
[BlackElo "1991"]

1. d4 d6 2. Nc3 Nf6 3. e4 g6 4. Be3 c6 5. f3 Nbd7 6. h4 b5 7. g4 h5 8. g5 Nh7 9. d5 Ne5 10.
dxc6 b4 11. Bb5 Qa5 12. c7+ Nd7 13. Qd5 Qxc7 14. Qxa8 bxc3 15. Bxd7+ Kxd7 16. Qxa7 cxb2 17. Qxc7+ Kxc7 18. Rb1 Bg7 19.
Ne2 Be6 20. Bd4 Bxd4 21. Nxd4 Rb8 22. Nxe6+ fxe6 23. Kd2 e5 24. Kc3 Nf8 25. Rxb2 Rc8 26. Rhb1 Ne6 27. Rb7+ Kd8+ 28. Kd2 Rc5 29. Rb8+ Kc7 30.
R1b7+ Kc6 31. Rxe7 Nd4 32. Rc8+ Kb6 33. Rxc5 dxc5 34. Kd3 Nxf3 35. Re6+ Kb5 36. Rxg6 Nxh4 37. Rh6 Ng2 38. g6 h4 39.
Rxh4 Nxh4 40. g7 1-0

[Event "NJSK 2026 Jeugd C"]
[Site "Helmond, Netherlands"]
[Date "2026.04.29"]
[Round "7.6"]
[White "Leenen, Boyd"]
[Black "Ozbek, Ahmet Naim"]
[Result "1-0"]
[TimeControl "90min/40moves + 30sec/move"]
[WhiteTitle "-"]
[BlackTitle "-"]
[WhiteFideId "1083937"]
[BlackFideId "40101975"]
[WhiteElo "2205"]
[BlackElo "1869"]

1. e4 e5 2. Nf3 Nc6 3. Bb5 a6 4. Ba4 Nf6 5. O-O Be7 6. Re1 b5 7. Bb3 d6 8. c3 O-O 9. h3 Na5 10. Bc2 c5 11. d4 Nd7 12. d5 Nb6 13. Nbd2 Bd7 14.
Nf1 Nb7 15. Ng3 c4 16. Be3 g6 17. Bh6 Re8 18. Qd2 a5 19. Nh2 Bh4 20. Nf3 Be7 21. Rad1 Nc5 22. Qe3 b4 23. Nxe5 b3 24.
Bb1 Ba4 25. Nc6 Bxc6 26. dxc6 Qc7 27. Nf5 Rab8 28. Nxe7+ Qxe7 29. f4 bxa2 30. Bxa2 Qxe4 31. Qf2 Qf5 32. Qd4 f6 33. Bxc4+ Nxc4 34.
Qxc4+ Ne6 35. Rxd6 Qc5+ 36. Qxc5 Nxc5 37. Rxe8+ Rxe8 38. c7 Nb7 39. Rb6 1-0

[Event "NJSK 2026 Jeugd C"]
[Site "Helmond, Netherlands"]
[Date "2026.04.29"]
[Round "7.7"]
[White "Thijssen, Freek"]
[Black "Huang, Vincent"]
[Result "1-0"]
[TimeControl "90min/40moves + 30sec/move"]
[WhiteTitle "-"]
[BlackTitle "-"]
[WhiteFideId "1091840"]
[BlackFideId "40104184"]
[WhiteElo "2159"]
[BlackElo "1855"]

1. e4 c5 2. Nf3 d6 3. d4 cxd4 4.
Nxd4 Nf6 5. Nc3 g6 6. Be3 Bg7 7. Qd2 Ng4 8. Bb5+ Bd7 9. Bxd7+ Nxd7 10. Bg5 O-O 11. O-O Ngf6 12. Rad1 Nc5 13.
Rfe1 Re8 14. h3 a6 15. f4 Qb8 16. Kh1 Ncd7 17. Qe2 Nh5 18. Qf3 h6 19. Bh4 Nhf6 20. Bg3 e5 21. Nb3 Nh5 22.
f5 Nxg3+ 23. Qxg3 g5 24. Nd5 Qd8 25. Rd3 Nf6 26. Qf3 Rc8 27. Red1 Bf8 28. c3 Nxd5 29. Rxd5 f6 30. Qd3 Qc7 31.
Nd2 b5 32. Nf1 Qc4 33. Qf3 Rc5 34. Ne3 Qxa2 35. Qh5 Rxd5 36. Nxd5 Re7 37. Qg6+ Kh8 38. Qxf6+ Rg7 39. Qxf8+ Kh7 40.
Nf6# 1-0

[Event "NJSK 2026 Jeugd C"]
[Site "Helmond, Netherlands"]
[Date "2026.04.29"]
[Round "7.8"]
[White "Suthan, Aadvik"]
[Black "Koppenens, Oscar"]
[Result "1/2-1/2"]
[TimeControl "90min/40moves + 30sec/move"]
[WhiteTitle "-"]
[BlackTitle "-"]
[WhiteFideId "1095765"]
[BlackFideId "1087940"]
[WhiteElo "1822"]
[BlackElo "2036"]

1. e4 c5 2. Nf3 d6 3. d4 cxd4 4.
Nxd4 Nf6 5. Nc3 a6 6. f3 e6 7. Be3 Nbd7 8. Qd2 b5 9. Be2 Bb7 10. O-O Be7 11. a4 b4 12. Nd1 d5 13.
exd5 Nxd5 14. Bf2 O-O 15. Bc4 N5b6 16. Bd3 Ne5 17. Qe2 Bf6 18. Nb3 Nd5 19. Be4 a5 20. Nc5 Bc6 21. Bxd5 exd5 22.
c3 Re8 23. Nd3 Qd6 24. Nxe5 Bxe5 25. g3 bxc3 26. Qc2 cxb2 27. Nxb2 Rac8 28. Rac1 Bb7 29. Qd2 Rxc1 30. Rxc1 Qf6 31.
Nd3 Qxf3 32. Nxe5 Rxe5 33. Qc3 Qxc3 34. Rxc3 Re4 35. Bb6 Rc4 36. Rxc4 dxc4 37. Bxa5 Bc6 38. Bc3 Bxa4 39. Kf2 f5 40. Kf3 Kf7 41. Kf4 g6 42. Ke5 Bc2 43.
h4 Bd3 44. Bd2 Ke7 45. Kd5 Kd7 46. Bf4 Ke7 47. Bg5+ Kf7 48. Bh6 Be2 49. Kd4 Ke6 50. Bf4 Kd7 51. Bd2 Kc6 52. Bf4 Kb5 53.
Bd2 Ka4 54. Kc3 Bf1 55. Bc1 Kb5 56. Be3 Kc6 57. Kd4 Be2 58. Bh6 Kb5 59. Bf8 Kc6 60. Bb4 Kd7 61. Bf8 Ke6 62. Bh6 Kf6 63.
Bd2 Kg7 64. Ke5 h6 65. Ke6 Bd3 66. Ke7 Bc2 67. Bc3 Kh7 68. Kf6 Kg8 69. Bb4 Bd3 70. Bd2 h5 71. Bb4 Bb1 72. Ba3 c3 73.
Bb4 c2 74. Bd2 Kh8 75. Bc1 Kh7 76. Kf7 Ba2+ 77. Kf8 Bc4 78. Ke7 Kg7 79. Bb2 Kg8 80. Bc1 Bd3 81. Kf6 Kf8 82. Bf4 Be2 83.
Kxg6 1/2-1/2

[Event "NJSK 2026 Jeugd C"]
[Site "Helmond, Netherlands"]
[Date "2026.04.29"]
[Round "7.9"]
[White "Huang, Ziyang"]
[Black "Omnes, Tiago"]
[Result "0-1"]
[TimeControl "90min/40moves + 30sec/move"]
[WhiteTitle "-"]
[BlackTitle "-"]
[WhiteFideId "40105288"]
[BlackFideId "1091867"]
[WhiteElo "1721"]
[BlackElo "1990"]

1. e4 e5 2. Nf3 Nc6 3. d4 exd4 4. Bc4 Nf6 5. e5 d5 6. Bb5 Ne4 7. Nxd4 Bd7 8. Bxc6 bxc6 9. O-O Bc5 10. f3 Ng5 11. f4 Ne4 12. Be3 Bb6 13. Nd2 Nxd2 14.
Qxd2 c5 15. Nf3 c6 16. c3 O-O 17. Qd3 f6 18. exf6 Qxf6 19. Ne5 Bf5 20. Qd2 Rad8 21. Rfe1 d4 22. Bf2 Ba5 23. Qc1 d3 24. Qd2 Bb6 25. a4 c4 26. Bxb6 axb6 27. Nxc4 c5 28. b3 Qc6 29.
Re3 Rf6 30. Rae1 h5 31. Ne5 Qd5 32. c4 Qd4 33. Nf3 Qd6 34. Ng5 Rdf8 35. Rf1 Qd4 36. Kh1 Qd6 37. Ne4 Bxe4 38. Rxe4 g5 39. h3 gxf4 40. Rf3 Rd8 41. Rfxf4 Rdf8 42. Rxf6 Rxf6 43.
Re1 Qg3 44. Re8+ Kf7 45. Qe1 Rf1+ 46. Qxf1+ Kxe8 47. Qd1 Kd8 48. Kg1 Qe3+ 49. Kf1 d2 50. h4 Kc7 51. g3 Kb8 52. Qe2 Qd4 53.
Qd1 Qd3+ 54. Kf2 Ka7 55. Kg2 Ka6 56. Kf2 Ka5 57. Kg2 Kb4 58. Kf2 Kc3 59. Kg2 Qc2 60. Qf3+ Kb2 61. Qf6+ Ka2 0-1

[Event "NJSK 2026 Jeugd C"]
[Site "Helmond, Netherlands"]
[Date "2026.04.29"]
[Round "7.10"]
[White "Okita, Ryoga"]
[Black "Nadrshin, Oleg"]
[Result "0-1"]
[TimeControl "90min/40moves + 30sec/move"]
[WhiteTitle "-"]
[BlackTitle "-"]
[WhiteFideId "1090666"]
[BlackFideId "40111873"]
[WhiteElo "1812"]
[BlackElo "1894"]

1. e4 c5 2. Nc3 Nc6 3. Bb5 Nd4 4. Nf3 Nxb5 5. Nxb5 a6 6. Nc3 e6 7. O-O Ne7 8. d4 cxd4 9. Nxd4 Nc6 10.
Be3 Be7 11. f4 O-O 12. Kh1 d6 13. f5 Ne5 14. Qh5 b5 15. Bf4 b4 16. Nce2 Bf6 17. Rad1 Qe7 18. Nf3 exf5 19. Bxe5 dxe5 20.
exf5 g6 21. Qh3 Bxf5 22. Qg3 Bxc2 23. Rd2 Be4 24. Neg1 Rfd8 25. Qe1 Bd3 26. Ne2 e4 27. Nfg1 Bg5 28. Rd1 Rac8 29. Nh3 Be3 30.
Nf2 Rc2 31. Nd4 Bxf2 32. Rxf2 Rxf2 33. Nc6 Qf6 34. Qg1 Re8 35. Nxb4 Rf1 0-1

[Event "NJSK 2026 Jeugd C"]
[Site "Helmond, Netherlands"]
[Date "2026.04.29"]
[Round "7.11"]
[White "Lalkota, Sai Pranav Tejas"]
[Black "Fu, Ziqing"]
[Result "1-0"]
[TimeControl "90min/40moves + 30sec/move"]
[WhiteTitle "-"]
[BlackTitle "-"]
[WhiteFideId "1087690"]
[BlackFideId "40109623"]
[WhiteElo "1830"]
[BlackElo "1810"]

1. c4 e5 2. Nc3 Nf6 3. g3 d5 4. cxd5 Nxd5 5. Bg2 Be6 6. Nf3 Nc6 7. d3 Bb4 8. Bd2 O-O 9. O-O Re8 10.
a3 Bd6 11. b4 a6 12. Rc1 h6 13. e4 Nf6 14. h3 Qd7 15. Kh2 Rad8 16. Ne2 Bf8 17. Ne1 Na7 18. f4 exf4 19. gxf4 Qc8 20.
f5 Bd7 21. Bf4 Bc6 22. Qb3 Bd6 23. Bxd6 Rxd6 24. Qb2 Rdd8 25. Rg1 Kh7 26. Bf3 Qd7 27. Ng3 Qd4 28. Qg2 Rg8 29. Nh5 Nxh5 30.
Bxh5 Qd6+ 31. Kh1 Qe7 32. Rd1 Nb5 33. Nc2 Nc3 34. Rdf1 Rxd3 35. Ne1 Rdd8 36. Nf3 Bxe4 37. h4 Nd5 38.
Qg3 Ne3 39. Re1 Nxf5 40. Qf4 Bxf3+ 41. Bxf3 Qxh4+ 42. Qxh4 Nxh4 43. Bxb7 Rd3 44. Be4+ g6 45. Bxd3 Nf3 46. Re7 Nxg1 47.
Rxf7+ Rg7 48. Rxg7+ Kxg7 49. Kxg1 Kf7 50. Bxa6 Ke7 51. Bd3 g5 52. Kg2 Kd6 53. Kf3 h5 54. Bg6 h4 55. Bf5 c5 56.
b5 c4 57. Ke3 Kc5 58. a4 Kd5 59. b6 Kc6 60. a5 Kb7 61. Kd4 Ka6 62. Kxc4 Kb7 63. Kb5 Kb8 64. a6 Ka8 65. a7 Kb7 66.
Be4+ Kc8 67. a8=Q+ Kd7 68. Qc6+ Kd8 69. Qc7+ Ke8 70. Bg6+ Kf8 71. Qf7# 1-0

[Event "NJSK 2026 Jeugd C"]
[Site "Helmond, Netherlands"]
[Date "2026.04.29"]
[Round "7.12"]
[White "Uitermark, Imre"]
[Black "Bajnath, Dhanesh"]
[Result "1-0"]
[TimeControl "90min/40moves + 30sec/move"]
[WhiteTitle "-"]
[BlackTitle "-"]
[WhiteFideId "40105199"]
[BlackFideId "40104842"]
[WhiteElo "1957"]
[BlackElo "1889"]

1. e4 e5 2. Nf3 Nc6 3. Bc4 Bc5 4.
c3 Nf6 5. d3 O-O 6. O-O d6 7. h3 h6 8. Nbd2 Re8 9. Re1 Be6 10. Bb5 a6 11. Ba4 b5 12. Bc2 Rb8 13. Nf1 Ba7 14.
Ng3 Qd7 15. d4 exd4 16. cxd4 d5 17. e5 Nh7 18. Be3 Ne7 19. Rc1 Bb6 20. Qd2 Nf5 21. Nxf5 Bxf5 22. Nh4 Bxc2 23. Qxc2 Nf8 24.
f4 Ne6 25. Qf2 Ba5 26. Rf1 Bb4 27. Qg3 c5 28. f5 Nxd4 29. Rf2 Kh8 30. a3 Ba5 31. f6 g5 32. Bxd4 cxd4 33. Nf5 Bc7 34. Qg4 Bd6 35. exd6 Rbc8 36.
Qh5 Rxc1+ 37. Kh2 Qxf5 38. Rxf5 1-0

[Event "NJSK 2026 Jeugd C"]
[Site "Helmond, Netherlands"]
[Date "2026.04.29"]
[Round "7.13"]
[White "Nair, Pranav Prasobh"]
[Black "Ngangbam, Chingthang"]
[Result "1-0"]
[TimeControl "90min/40moves + 30sec/move"]
[WhiteTitle "-"]
[BlackTitle "-"]
[WhiteFideId "40109135"]
[BlackFideId "1086510"]
[WhiteElo "1747"]
[BlackElo "1937"]

1. e4 c5 2. Nf3 d6 3. d4 cxd4 4. Nxd4 Nf6 5. Nc3 Nc6 6. f3 e5 7. Nb3 Be7 8. Be3 Be6 9. Qd2 a5 10.
a4 O-O 11. Be2 Nb4 12. O-O Rc8 13. Rac1 d5 14. exd5 Nfxd5 15. Nxd5 Nxd5 16. Bd3 Nxe3 17. Qxe3 Bg5 18. Qe4 f5 19.
Qxe5 Bxb3 20. f4 Bf6 21. Qb5 Qd4+ 22. Kh1 Bc4 23. Bxc4+ Qxc4 24. Qxb7 Rb8 25. Qd7 Rxb2 26. Qxf5 Rc8 27.
Rfe1 h6 28. h3 Rxc2 29. Rxc2 Qxc2 30. Re8+ Rxe8 31. Qxc2 Bh4 32. Kh2 Re3 33. g4 Be1 34. f5 Rf3 35. Qc4+ Kh7 36. Qe4 Rf1 37.
f6+ Kg8 38. Qc4+ 1-0

[Event "NJSK 2026 Jeugd C"]
[Site "Helmond, Netherlands"]
[Date "2026.04.29"]
[Round "7.14"]
[White "Tkacenko, Kostia"]
[Black "De Wit, Jim"]
[Result "0-1"]
[TimeControl "90min/40moves + 30sec/move"]
[WhiteTitle "-"]
[BlackTitle "-"]
[WhiteFideId "40120708"]
[BlackFideId "1097326"]
[WhiteElo "1552"]
[BlackElo "1749"]

1. e4 c5 2. Nf3 a6 3. d4 cxd4 4.
Nxd4 Nf6 5. Nc3 e5 6. Nf3 Bb4 7. Bd3 d5 8. exd5 Bxc3+ 9. bxc3 e4 10. Qe2 O-O 11. Bxe4 Nxe4 12. Qxe4 Re8 13.
Ne5 Nd7 14. f4 f6 15. O-O fxe5 16. fxe5 Rxe5 17. Qd3 Nf6 18. c4 b5 19. Bb2 bxc4 20. Qxc4 Qxd5 21. Qxd5+ Rxd5 22. Bxf6 gxf6 23.
Rxf6 Rf5 24. Rxf5 Bxf5 25. Rc1 Rc8 26. c3 Be6 27. a3 Bc4 28. Rb1 Bd5 29. Rc1 Rb8 30. c4 Bc6 31. Rd1 Rb2 32.
Rd6 Rxg2+ 33. Kf1 Rg6 34. Rxg6+ hxg6 35. Ke2 Kf7 36. Ke3 Ke6 37. Kd4 Kd6 38. c5+ Ke6 39. Kc4 a5 40. Kd4 Kf5 41.
h4 Ke6 42. Kc4 Ke5 43. Kd3 Kd5 44. Ke3 Kxc5 45. Kf4 Kc4 46. Kg5 Be4 47. h5 gxh5 48. Kxh5 Kb3 49. Kg4 Kxa3 50. Kf4 Kb2 51. Kxe4 a4 52. Kd4 0-1

[Event "NJSK 2026 Jeugd C"]
[Site "Helmond, Netherlands"]
[Date "2026.04.29"]
[Round "7.15"]
[White "Cubuk, Armin"]
[Black "Nguyen, Paul"]
[Result "1/2-1/2"]
[TimeControl "90min/40moves + 30sec/move"]
[WhiteTitle "-"]
[BlackTitle "-"]
[WhiteFideId "40105423"]
[BlackFideId "1095072"]
[WhiteElo "1881"]
[BlackElo "1845"]

1. e4 e5 2. Nf3 Nc6 3. d4 exd4 4. Bc4 d6 5. Nxd4 Nf6 6. Nc3 Be7 7. O-O O-O 8. Re1 a6 9. a4 Re8 10.
h3 h6 11. Bf4 Bf8 12. Qd2 g5 13. Bh2 Bg7 14. Nxc6 bxc6 15. Rad1 Be6 16. Bxe6 Rxe6 17. e5 Ne8 18. f4 gxf4 19.
Bxf4 Qe7 20. exd6 cxd6 21. Rxe6 Qxe6 22. Re1 Qf6 23. Ne4 Qd4+ 24. Qxd4 Bxd4+ 25. Kf1 d5 26. c3 Bg7 27. Nd6 Nxd6 28. Bxd6 Rd8 29. Be5 c5 30. Bxg7 Kxg7 31. Kf2 Kf6 32. Kf3 d4 33. cxd4 cxd4 34.
Kf4 a5 35. g4 Rb8 36. Rd1 Rb4 37. Ke4 Rxa4 38. Rxd4 Ra2 39. b4 a4 40. b5 a3 41. Ra4 Ra1 42. b6 a2 43. b7 Rb1 44.
Rxa2 Rxb7 45. Ra6+ Kg5 46. Ra5+ Kg6 47. Kf4 Rb4+ 48. Kg3 Rb6 49. Kh4 Rc6 1/2-1/2

[Event "NJSK 2026 Jeugd C"]
[Site "Helmond, Netherlands"]
[Date "2026.04.29"]
[Round "7.17"]
[White "Brorens, Victor"]
[Black "Roersma, Dylan"]
[Result "1-0"]
[TimeControl "90min/40moves + 30sec/move"]
[WhiteTitle "-"]
[BlackTitle "-"]
[WhiteFideId "1095307"]
[BlackFideId "1097393"]
[WhiteElo "1911"]
[BlackElo "1846"]

1. e4 c5 2. Nf3 Nc6 3. d4 cxd4 4.
Nxd4 e5 5. Nb5 d6 6. N1c3 a6 7.
Na3 b5 8. Nd5 Nf6 9. Bg5 Be7 10. Bxf6 Bxf6 11. Bd3 Bg5 12. O-O O-O 13. c3 Be6 14. Nc2 Bxd5 15. exd5 Ne7 16. Be2 Rb8 17.
a4 Qc7 18. Nb4 Qb6 19. axb5 axb5 20. Ra6 Qc5 21. Qd3 f5 22. Rfa1 Rfc8 23. R6a5 Qb6 24. Rxb5 Qd8 25. Nc6 Nxc6 26.
dxc6 Rxb5 27. Qxb5 Qc7 28. Bc4+ Kh8 29. Ra6 Rb8 30. Qd5 g6 31. b4 Bf6 32. b5 e4 33. b6 Qe7 34. c7 Re8 35.
Ra8 e3 36. Qg8+ 1-0

[Event "NJSK 2026 Jeugd C"]
[Site "Helmond, Netherlands"]
[Date "2026.04.30"]
[Round "8.1"]
[White "Guillaumond, Matthieu"]
[Black "Zhou, Yanyang"]
[Result "1/2-1/2"]
[TimeControl "90min/40moves + 30sec/move"]
[WhiteTitle "-"]
[BlackTitle "-"]
[WhiteFideId "1097091"]
[BlackFideId "40109739"]
[WhiteElo "2104"]
[BlackElo "1860"]

1. e4 c5 2. Nf3 e6 3. d4 cxd4 4.
Nxd4 Nc6 5. Nc3 Qc7 6. Be3 a6 7. a3 Nf6 8. f4 d6 9. Qf3 Be7 10. O-O-O Bd7 11. Rg1 Nxd4 12. Rxd4 Bc6 13.
g4 b5 14. g5 Nd7 15. h4 Rb8 16. Qd1 a5 17. a4 e5 18. fxe5 dxe5 19. Nd5 Qb7 20. Nxe7 Kxe7 21. Rxd7+ Qxd7 22.
Bc5+ Ke8 23. Qf3 Qe6 24. b3 1/2-1/2

[Event "NJSK 2026 Jeugd C"]
[Site "Helmond, Netherlands"]
[Date "2026.04.30"]
[Round "8.2"]
[White "Teianu, Sabin"]
[Black "Leenen, Boyd"]
[Result "1-0"]
[TimeControl "90min/40moves + 30sec/move"]
[WhiteTitle "-"]
[BlackTitle "-"]
[WhiteFideId "1095846"]
[BlackFideId "1083937"]
[WhiteElo "2131"]
[BlackElo "2205"]

1. d4 Nf6 2. c4 e6 3. Nf3 b6 4. g3 Ba6 5. b3 Bb4+ 6. Bd2 Be7 7. Nc3 d5 8. cxd5 exd5 9. Bg2 O-O 10. O-O c5 11. dxc5 bxc5 12.
Ne5 Bb7 13. Bf4 Re8 14. a4 h6 15. Nc4 Bc6 16. Ne5 Bb7 17. h4 Bf8 18. Ra2 g5 19. hxg5 hxg5 20. Nxf7 Kxf7 21. Bxg5 Be7 22.
Bxf6 Bxf6 23. Nxd5 Bd4 24. e3 Bh8 25. Qh5+ Kg7 26. Nc7 Qxc7 27. Bxb7 Qxb7 28. Qxe8 Nc6 29. Qe4 Rd8 30. Rc2 Qb6 31.
Qg4+ Kh7 32. Qh5+ Kg8 33. Rxc5 Bg7 34. Rfc1 Ne7 35. Qh4 Rd1+ 36. Rxd1 Qxc5 37. b4 Qc7 38. a5 a6 39. Qe4 Be5 40.
b5 axb5 41. a6 Nc8 42. Qb7 Nb6 43. Qxc7 Bxc7 44. Rb1 Kf7 45. Rxb5 Ke7 46. a7 Na8 47. Rb8 1-0

[Event "NJSK 2026 Jeugd C"]
[Site "Helmond, Netherlands"]
[Date "2026.04.30"]
[Round "8.3"]
[White "Pathak, Raghav"]
[Black "Lenting, Roan"]
[Result "1-0"]
[TimeControl "90min/40moves + 30sec/move"]
[WhiteTitle "-"]
[BlackTitle "-"]
[WhiteFideId "1084259"]
[BlackFideId "1085905"]
[WhiteElo "2091"]
[BlackElo "1986"]

1. e4 c5 2. Nf3 e6 3. b3 Nc6 4. Bb2 a6 5. g3 d5 6. exd5 exd5 7. Qe2+ Qe7 8. Nc3 Nf6 9. O-O-O Qxe2 10.
Bxe2 Be7 11. d4 cxd4 12. Nxd4 O-O 13. Bf3 Rd8 14. Rhe1 Nxd4 15. Rxd4 Bc5 16. Rd2 Be6 17. Red1 Bb4 18.
a3 Ba5 19. b4 Bb6 20. Na4 Ba7 21. Bd4 Bxd4 22. Rxd4 Rd6 23. Kb2 b5 24. Nc5 Rc8 25. h4 h5 26. R1d2 Kf8 27. c4 bxc4 28.
Rxc4 Ke7 29. Rcd4 Rb6 30. Nb3 Rbc6 31. Nc5 Rb6 32. Ka2 a5 33. bxa5 Rb5 34. Nxe6 fxe6 35. Ra4 Rcc5 36. a6 Ra5 37.
Rxa5 Rxa5 38. Be2 Ne4 39. Rc2 Kd6 40. Kb3 Nc5+ 41. Kb4 Ra4+ 42. Kb5 Rxa3 43. Rxc5 Ra2 44. Kb6 Rxe2 45. a7 Ra2 46.
Ra5 Rb2+ 47. Ka6 Kc7 48. a8=Q Rb6+ 49. Ka7 1-0

[Event "NJSK 2026 Jeugd C"]
[Site "Helmond, Netherlands"]
[Date "2026.04.30"]
[Round "8.4"]
[White "Zhang, Xiheng"]
[Black "Thijssen, Freek"]
[Result "1/2-1/2"]
[TimeControl "90min/40moves + 30sec/move"]
[WhiteTitle "-"]
[BlackTitle "-"]
[WhiteFideId "40102386"]
[BlackFideId "1091840"]
[WhiteElo "2135"]
[BlackElo "2159"]

1. e4 c5 2. Nf3 Nc6 3. d4 cxd4 4.
Nxd4 Nf6 5. Nc3 e5 6. Ndb5 d6 7. Bg5 a6 8. Na3 b5 9. Bxf6 gxf6 10. Nd5 Bg7 11. c3 f5 12. exf5 Bxf5 13.
Nc2 O-O 14. Nce3 Be6 15. Bd3 f5 16. O-O Kh8 17. Qh5 e4 18. Bc2 Ne5 19. Rfd1 Bf7 20. Qh3 Qg5 21. Qxf5 Nf3+ 22. Kh1 Qh4 23. Qf4 Bxd5 24. Qxh4 Nxh4 25.
Nxd5 Rxf2 26. Bxe4 Re8 27. Re1 Rxb2 28. Nc7 Rf8 29. Re3 Rxa2 30. Rd1 Nf5 31. Rh3 h6 32. g4 Ne7 33. g5 Rff2 34.
gxh6 Be5 35. Kg1 Bxh2+ 36. Rxh2 Rxh2 37.
Rxd6 Rhd2 38. Rxd2 Rxd2 39. Nxa6 Nc8 40. Nb4 Nd6 41. Bd3 Rd1+ 42. Kf2 Rh1 43. h7 Kg7 44. Nd5 Rh5 45. Nc7 Kh8 46. Ne6 Rd5 47. Nd4 b4 48. Ke3 bxc3 49. Ne2 Re5+ 50. Kf3 Nb5 51. Bxb5 Rxb5 52. Ke3 c2 53.
Kd2 Rc5 54. Nc1 Kxh7 55. Nd3 Rc4 56. Kc1 Kg7 57. Ne1 Kf6 58. Nxc2 Ke5 59. Kd2 Rh4 60. Kd3 Rg4 61. Kc3 Rf4 62.
Kd3 Rh4 63. Kc3 Kd5 64. Ne3+ Kc5 65. Kd3 Rd4+ 66. Kc3 Rd8 67. Nc2 Kd5 68. Kd3 Ke5+ 69. Ke3 Rc8 70. Kd3 Rh8 71. Nb4 Rh6 72.
Kc4 Ke4 73. Kc5 Rh5+ 74. Kd6 Rb5 75. Nc6 Rd5+ 76. Ke6 Rh5 77. Kd6 Rg5 78. Nb4 Kd4 79. Nc6+ Ke4 80. Nb4 Rb5 81. Nc6 Rd5+ 82.
Ke6 Rd1 83. Nb4 Rh1 84. Kd6 Rh5 85. Nc6 Rg5 86. Nb4 Rh5 87. Nc6 Rg5 88. Nb4 Rg6+ 89. Kc5 Ke5 90. Nc6 Ke4 91. Nb4 Rg1 92.
Kd6 Rd1+ 93. Kc5 Rc1+ 94. Kd6 Rc3 95. Nc6 Ra3 96. Kc5 Ra1 97. Kd6 Rd1+ 98. Kc5 Rd5+ 99. Kc4 Rh5 100. Nb4 Rh8 101.
Kc5 Rc8+ 102. Kd6 Kd4 103. Nc6+ Ke4 104. Nb4 Rh8 105. Kc5 Rh5+ 106. Kd6 Rh6+ 107. Kc5 Rc6+ 108. Kxc6 1/2-1/2

[Event "NJSK 2026 Jeugd C"]
[Site "Helmond, Netherlands"]
[Date "2026.04.30"]
[Round "8.5"]
[White "Botter, Simon"]
[Black "Gupta, Akul"]
[Result "1-0"]
[TimeControl "90min/40moves + 30sec/move"]
[WhiteTitle "-"]
[BlackTitle "-"]
[WhiteFideId "40107698"]
[BlackFideId "1084194"]
[WhiteElo "1988"]
[BlackElo "2017"]

1. Nf3 Nf6 2. g3 e6 3. Bg2 b6 4. O-O Bb7 5. c4 Be7 6. d4 O-O 7. Nc3 d6 8. d5 e5 9. e4 Nbd7 10.
Rb1 Nc5 11. Nh4 a5 12. Nf5 Bc8 13. Bg5 h6 14. Be3 Kh8 15. f3 Bxf5 16. exf5 Qd7 17. Bh3 Nh7 18. Bg4 Bf6 19. Ne4 Rfe8 20.
Kg2 Rad8 21. h4 c6 22. Qd2 Nxe4 23. fxe4 c5 24. Be2 Qe7 25. Bd1 Qd7 26. Be2 Qe7 27. b3 Ra8 28. a3 Ra7 29.
Rb2 Nf8 30. Rh1 Nd7 31. g4 Qf8 32. g5 Be7 33. Rbb1 Qg8 34. Rbg1 Qh7 35. Kf2 Rf8 {time} 1-0

[Event "NJSK 2026 Jeugd C"]
[Site "Helmond, Netherlands"]
[Date "2026.04.30"]
[Round "8.6"]
[White "Sosef, Noah"]
[Black "Omnes, Tiago"]
[Result "1/2-1/2"]
[TimeControl "90min/40moves + 30sec/move"]
[WhiteTitle "-"]
[BlackTitle "-"]
[WhiteFideId "40107060"]
[BlackFideId "1091867"]
[WhiteElo "2012"]
[BlackElo "1990"]

1. e4 e5 2. Nf3 Nc6 3. d4 exd4 4. Nxd4 Nf6 5. Nxc6 bxc6 6. e5 Qe7 7. Qe2 Nd5 8.
g3 g6 9.
c4 Ba6 10. b3 Bg7 11. Bb2 O-O 12.
Bg2 Rae8 13. O-O f6 14. Re1 fxe5 15. Nd2 Nb6 16. a4 Nd5 17. Qe4 Nf6 18. Qxe5 Qf7 19. Qf4 Ng4 20. Qxf7+ Kxf7 21.
Bxg7 Kxg7 22. Ne4 Nf6 23. Nc5 Bc8 24. Bh3 Kf7 25. Rad1 d6 26. Bxc8 Rxc8 27. Ne6 Rfe8 28. Ng5+ Kg7 29.
Kf1 h6 30. Ne6+ Kf7 31. Nd4 c5 32. Rxe8 Kxe8 33. Nc6 a6 34. f3 g5 35. Rd3 Kd7 36. Ne5+ Ke6 37. Nc6 Kd7 1/2-1/2

[Event "NJSK 2026 Jeugd C"]
[Site "Helmond, Netherlands"]
[Date "2026.04.30"]
[Round "8.7"]
[White "Blok, Lukas"]
[Black "Lalkota, Sai Pranav Tejas"]
[Result "0-1"]
[TimeControl "90min/40moves + 30sec/move"]
[WhiteTitle "-"]
[BlackTitle "-"]
[WhiteFideId "40110494"]
[BlackFideId "1087690"]
[WhiteElo "1991"]
[BlackElo "1830"]

1. c4 c5 2. Nc3 Nf6 3. g3 Nc6 4. Bg2 g6 5. e4 Bg7 6. Nge2 d6 7. O-O O-O 8. d3 a6 9. h3 e6 10. Be3 Nd7 11. f4 f5 12.
Rb1 Rb8 13. a4 Nd4 14. b4 b6 15. Kh2 Bb7 16. Bf2 Qc7 17. b5 a5 18. Qd2 Rbe8 19. Nd1 Ba8 20. Nec3 Bb7 21. Ne3 Bh6 22.
Qd1 Bg7 23. Be1 Bh6 24. Rb2 Rf7 25. Rbf2 Ref8 26. Bd2 Qd8 27. exf5 Bxg2 28. fxe6 Bxf1 29. exf7+ Rxf7 30. Qxf1 Nf6 31.
Ned5 Nxd5 32. Nxd5 Nb3 33. Bc3 Bg7 34. Bxg7 Kxg7 35. Re2 Nd4 36. Re4 Rd7 37. Kg2 Kf7 38. Qe1 Nc2 39. Qd1 Nd4 40.
Qg4 Nf5 41. h4 h5 42. Qe2 Nd4 43. Qd1 Nf5 44. Qe1 Nd4 45. Qf2 Nf5 46. Re1 Rb7 47. Qe2 Qd7 48. Qe4 Nd4 49. Nc3 Rb8 50.
Qd5+ Kg7 51. Qg5 Ne6 52. Qd5 Nd4 53. Ne4 Re8 54. Qg5 Qe6 55. Qd5 Qxd5 56. cxd5 Nc2 57. Rc1 Ne3+ 58. Kf2 Nxd5 59. Nxd6 Rd8 60. Nc4 Nb4 61. Rd1 Nd5 62. Re1 Kf6 63. Ke2 Kf7 64. Kd2 Kf6 65. Ne5 Nb4 66.
Re4 Kf5 67. Rc4 Rd6 68. Ke3 Nd5+ 69. Ke2 Nb4 70. Re4 Nxd3 71. Re3 Nxe5 72. Rxe5+ Kf6 73. Re8 Re6+ 74. Rxe6+ Kxe6 75. Kf3 Kf5 76.
Ke3 Kg4 77. Kf2 c4 78. Ke3 Kxg3 79. Kd4 Kxh4 80. Kxc4 Kg4 81. Kd5 h4 82. Kc6 h3 83. Kxb6 h2 0-1

[Event "NJSK 2026 Jeugd C"]
[Site "Helmond, Netherlands"]
[Date "2026.04.30"]
[Round "8.8"]
[White "Nadrshin, Oleg"]
[Black "Koppenens, Oscar"]
[Result "1-0"]
[TimeControl "90min/40moves + 30sec/move"]
[WhiteTitle "-"]
[BlackTitle "-"]
[WhiteFideId "40111873"]
[BlackFideId "1087940"]
[WhiteElo "1894"]
[BlackElo "2036"]

1. e4 c5 2. Nf3 e6 3. d4 cxd4 4. Nxd4 Nf6 5. Nc3 Nc6 6. Nxc6 bxc6 7. e5 Nd5 8. Ne4 Qc7 9. f4 Qb6 10.
c4 Bb4+ 11. Ke2 f5 12. exf6 Nxf6 13. Be3 Qd8 14. Nd6+ Bxd6 15. Qxd6 Bb7 16. Rd1 Rc8 17. g4 c5 18. Rg1 Rf8 19.
Bg2 Bxg2 20. Rxg2 Rc6 21. Qxc6 dxc6 22. Rxd8+ Kxd8 23. Bxc5 Rf7 24. Ke3 a6 25. h3 g6 26. Rd2+ Kc7 27. Bd6+ Kb6 28. Rd3 c5 29. Be5 Ne8 30.
Rd8 Re7 31. Ke4 Kc6 32. g5 Nc7 33. Rc8 Kb7 34. Rxc7+ Rxc7 35. Bxc7 Kxc7 36. Ke5 Kd7 37. Kf6 Kd6 38. Kg7 Ke7 39.
Kxh7 Kf7 40. h4 a5 41. a4 1-0